 Dungeon Crawl Stone Soup version 0.21-a0-450-gd87a9b2 (webtiles) character file.

49 slep the Skirmisher (level 3, -10/29 HPs)
             Began as a Demonspawn Monk on Nov 20, 2017.
             Mangled by an ogre
             ... wielding a +0 giant club
              (21 damage)
             ... on level 2 of the Dungeon.
             The game lasted 00:04:44 (768 turns).

slep the Skirmisher (Demonspawn Monk)                Turns: 768, Time: 00:04:45

Health: -10/29     AC:  5    Str: 12    XL:     3   Next: 51%
Magic:  3/3        EV:  9    Int: 11    God:
Gold:   81         SH:  9    Dex: 15    Spells: 2/2 levels left

rFire    x . .     SeeInvis .   a - +0 falchion
rCold    + . .     Gourm    .   d - +2 shield
rNeg     . . .     Faith    .   j - +0 ring mail
rPois    .         Spirit   .   (no helmet)
rElec    .         Reflect  .   (no cloak)
rCorr    .         Harm     .   (no gloves)
MR       .....                  (no boots)
Stlth    +.........             (no amulet)
HPRegen  0.09/turn              l - ring of ice
MPRegen  0.08/turn              (no ring)

@: no status effects
A: talons 1
a: no special abilities


You were on level 2 of the Dungeon.
You were not hungry.

You visited 1 branch of the dungeon, and saw 2 of its levels.

You collected 81 gold pieces.

Inventory:

Hand Weapons
 a - a +0 falchion (weapon)
 r - a +0 dagger of pain
Armour
 b - a +0 robe
 d - a +2 shield (worn)
 j - a +0 ring mail (worn)
Jewellery
 l - a ring of ice (left hand)
Scrolls
 n - a scroll of remove curse {unknown}
 o - a scroll of noise {unknown}
Potions
 e - a potion of haste {unknown}
 f - a potion of heal wounds {unknown}
 g - a potion of degeneration {unknown}
 h - a potion of curing
 k - a potion of mutation {unknown}
 p - a potion of magic {unknown}
Comestibles
 c - 3 bread rations
 i - 2 meat rations
 m - a royal jelly


   Skills:
 + Level 3.3 Fighting
 + Level 3.2 Long Blades
 + Level 0.1 Armour
 + Level 3.1 Dodging
 + Level 2.1 Stealth
 + Level 0.7 Shields


You had 2 spell levels left.
You didn't know any spells.

Dungeon Overview and Level Annotations

Branches:
Dungeon (2/15)

Altars:
Ashenzari
Nemelex Xobeh
Sif Muna
The Shining One


Innate Abilities, Weirdness & Mutations

You have sharp toenails.


Message History

You block the jackal's attack.
You hit the jackal but do no damage. You claw the jackal.
You kill the jackal!
The ogre hits you with a giant club.
You hit the ogre but do no damage. You claw the ogre, but do no damage.
You hit the ogre.
The ogre is lightly wounded.
You block the ogre's attack.
You closely miss the ogre. You claw the ogre, but do no damage.
The ogre is lightly wounded.
The ogre hits you with a giant club.
You slash the ogre!
The ogre is heavily wounded.
The ogre hits you with a giant club!
* * * LOW HITPOINT WARNING * * *
A kobold comes into view. It is wielding a dagger.
It was a potion of curing.
You feel better. The ogre hits you with a giant club!!
Ouch! That really hurt!
You die...

..##.. ......... #.. #.##.#
####..... ##.. #.##.####
#....# ...# #.##....# #.#...
###...#######.##.##.## #...P.
....... ..##.##.#⌠.⌠###..P≈P
#.##....# #.##.##..._..##..P≈P
........# #.##.....⌠.⌠......P.
..?.....###KO@...)##...####...
#.###.#†(.gg###...###### ###.
#..K...## #...##### #.
#..###.# #.......# #. #.. #.#
#..####.# #. #.. ........# #.#
#. %.. .......## #.# #. ###.
##.##### #.# #####. .$# #.#
#.....


You could see an ogre, 2 goblins and 2 kobolds.

Vanquished Creatures
  2 adders (D:2)
  A leopard gecko (D:1)
  2 giant cockroaches
  3 goblins (D:2)
  4 hobgoblins
  2 jackals (D:2)
  3 bats (D:1)
  4 frilled lizards (D:2)
  5 kobolds
  3 rats
29 creatures vanquished.

Notes
Turn   | Place    | Note
-------+----------+-------------------------------------------
     0 | D:1      | slep the Demonspawn Monk began the quest for the Orb.
     0 | D:1      | Reached XP level 1. HP: 18/18 MP: 1/1
   142 | D:1      | Found a shattered altar of Ashenzari.
   147 | D:1      | Gained mutation: You have sharp toenails. [demonic ancestry]
   147 | D:1      | Reached XP level 2. HP: 22/24 MP: 2/2
   418 | D:2      | Found a deep blue altar of Sif Muna.
   583 | D:2      | Reached XP level 3. HP: 28/29 MP: 3/3
   662 | D:2      | Found a glowing golden altar of the Shining One.
   723 | D:2      | Found a sparkling altar of Nemelex Xobeh.
   751 | D:2      | Noticed an ogre
   768 | D:2      | Mangled by an ogre

Vault maps used:
D:1:      mrwooster_arrival_statue_3, evilmike_ruin_ashenzari
D:2:      tso_oasis_becter, nemelex_xobeh_ov_fountains_minmay,
          nicolae_dithmenos_shadow_blocks, grunt_temple_overflow_open,
          first_bread, minivault_27

Skill      XL: |  1  2 |
---------------+-------+-----
Long Blades    | 3 |  3.2
Stealth        | 2 |  2.1
Dodging        | 3 |  3.1
Fighting       | |  3.3
Armour         | |  0.1
Shields        | |  0.7

Action                   || total
-------------------------++-------
Melee: Falchion          ||   104
       Kick              ||    25
  Use: Potion            ||     1
 Stab: Sleeping          ||     2
Armor: Robe              ||    13
       Ring mail         ||    22
Dodge: Dodged            ||    50
Block: Shield            ||    57
       Rpst.: Falchion   ||    17

Table legend:
 A = Spawn XP
 B = Non-spawn XP
 C = Spawn XP percentage of total XP
 D = Spawn monster count
 E = Non-spawn monster count
 F = Spawn count percentage of total count
 G = Total turns spent on level
                    A         B        C        D         E        F      G
               +---------+---------+-------+---------+---------+-------+---------
         Total |       0 |      70 |   0.0 |       0 |      29 |   0.0 |   768
               +---------+---------+-------+---------+---------+-------+---------
           D:1 |       0 |      20 |   0.0 |       0 |      13 |   0.0 |   409
           D:2 |       0 |      50 |   0.0 |       0 |      16 |   0.0 |   359
               +---------+---------+-------+---------+---------+-------+---------
